 Dungeon Crawl Stone Soup version 0.18.1-50-g88ac8fd (webtiles) character file.

22687 Gargoyl the Envoy of Void (level 12, -9/96 HPs)
             Began as a Demonspawn Abyssal Knight on Oct 18, 2016.
             Was a High Priest of Lugonu.
             Mangled by Rupert
             ... wielding a +3 battleaxe of chopping
              (10 damage)
             ... on level 5 of the Lair of Beasts.
             The game lasted 00:38:53 (19918 turns).

Gargoyl the Envoy of Void (DsAK)                   Turns: 19918, Time: 00:38:53

Health: -9/96      AC: 22    Str: 24    XL:     12   Next: 65%
Magic:  30/30      EV:  8    Int: 19    God:    Lugonu [*****.]
Gold:   1333       SH: 19    Dex: 15    Spells: 0 memorised, 11 levels left

rFire  + . .     SeeInvis .     c - +10 trident "Impslayer" {flame, Fragile rF+ Str+7 Int+4}
rCold  + + .     Gourm    .     j - +6 plate armour "Kysoal" {Dex+3}
rNeg   . . .     Faith    .     y - +2 shield
rPois  .         Spirit   .     (no helmet)
rElec  .         Dismiss  .     (no cloak)
rCorr  .         Reflect  +     (gloves unavailable)
SustAt .         Harm     .     (no boots)
MR     .....                    x - +5 amulet of reflection
Stlth  ..........               H - ring of magical power
                                l - ring of protection from cold

@: lethally poisoned (-9 -> -9), not resistant to hostile enchantments,
extremely unstealthy
A: claws 3, talons 1, rugged brown scales 1, cold resistance 1, nightstalker 1,
freezing cloud immunity
a: Depart the Abyss, Bend Space, Banish, Corrupt, Enter the Abyss, Renounce
Religion


You were on level 5 of the Lair of Beasts.
You worshipped Lugonu.
Lugonu was extremely pleased with you.
You were not hungry.

You visited 2 branches of the dungeon, and saw 14 of its levels.
You visited the Abyss 1 time.
You also visited: Ice Cave.

You collected 1333 gold pieces.

Inventory:

Hand Weapons
 c - the +10 trident "Impslayer" (weapon) {flame, Fragile rF+ Str+7 Int+4}
   (You found it on level 4 of the Lair of Beasts)

   It has been specially enchanted to burn those struck by it, causing extra
   injury to most foes and up to half again as much damage against particularly
   susceptible opponents.
   It affects your strength (+7).
   It affects your intelligence (+4).
   It protects you from fire.
   It will be destroyed if unequipped.
 h - a +3 broad axe
 w - a +0 war axe
 z - a +0 war axe
Missiles
 e - 15 tomahawks (quivered)
Armour
 j - the +6 plate armour "Kysoal" (worn) {Dex+3}
   (You found it on level 4 of the Abyss)

   It affects your dexterity (+3).
 y - a +2 shield (worn)
Jewellery
 l - a ring of protection from cold (left claw)
 x - a +5 amulet of reflection (around neck)
 H - a ring of magical power (right claw)
 J - an uncursed ring of resist corrosion
Wands
 b - a wand of polymorph (15/24)
 g - a wand of flame (41/48)
 n - a wand of acid (10/15)
 s - a wand of slowing (12/48)
 u - a wand of lightning (8/15)
 C - a wand of disintegration (13/24)
 D - a wand of disintegration (12/24)
Scrolls
 f - 4 scrolls of teleportation
 o - 6 scrolls of remove curse
 q - 3 scrolls of blinking
 E - a scroll of fear
 I - 2 scrolls of silence
Potions
 m - 2 potions of flight
 p - a potion of brilliance
 r - a potion of cure mutation
 B - a potion of magic
Books
 a - a book of Burglary

   Spells                             Type                      Level
   a - Swiftness                      Charms/Air                   2
   b - Passwall                       Transmutation/Earth          2
   c - Passage of Golubria            Translocation                4
   d - Lee's Rapid Deconstruction     Earth                        5
   e - Darkness                       Hexes                        6
   f - Invisibility                   Hexes                        6
 i - a book of Envenomations

   Spells                             Type                      Level
   a - Spider Form                    Transmutation/Poison         3
   b - Olgreb's Toxic Radiance        Poison                       4
   c - Alistair's Intoxication        Transmutation/Poison         5
   d - Poisonous Cloud                Conjuration/Poison/Air       6
 k - a book of the Dragon

   Spells                             Type                      Level
   a - Flame Tongue                   Conjuration/Fire             1
   b - Cause Fear                     Hexes                        4
   c - Bolt of Fire                   Conjuration/Fire             6
   d - Dragon Form                    Transmutation                7
   e - Dragon's Call                  Summoning                    9
Comestibles
 d - 2 chunks of flesh
 t - 2 royal jellies
 F - a meat ration
 G - a beef jerky


   Skills:
 + Level 8.5 Fighting
 + Level 8.0(8.1) Axes
 + Level 2.1(5.4) Polearms
 + Level 0.3 Throwing
 * Level 11.0 Armour
 + Level 3.4 Dodging
 + Level 8.1 Shields
 * Level 12.1 Invocations
 + Level 0.6 Evocations


You had 11 spell levels left.
You didn't know any spells.

Dungeon Overview and Level Annotations

Branches:
Dungeon (9/15)             Temple (0/1) D:6            Lair (5/8) D:8
 Shoals (0/4) Lair:3
  Snake: Lair:3-6    Spider: Lair:3-6       Orc: D:9-12

Altars:
Ashenzari
Elyvilon
Fedhas
Gozag
Kikubaaqudgha
Nemelex Xobeh
Pakellas
Qazlal
Ru
Xom
Yredelemnul
Zin
The Shining One

Shops:
D:4 [

Annotations:
Lair:5 Rupert
Abyss:1 Maud, Nergalle


Innate Abilities, Weirdness & Mutations

You have claws for hands.
You are partially covered in rugged brown scales (AC +1, +3% HP).
Your flesh is cold resistant.
You are slightly more attuned to the shadows.
You are immune to freezing clouds.
You have sharp toenails.


Message History

Unknown command.
Rupert rages.
Unknown command.
Rupert hits you with a battleaxe of chopping!!
Unknown command.
You're too confused!
There isn't anything here!
Drink which item? (? for menu, Esc to quit)
Okay, then.
You're too confused!
You're too confused!
You're too confused!
You feel sick.
Rupert hits you with a battleaxe of chopping!!
* * * LOW HITPOINT WARNING * * *
x2 Rupert rages.
Unknown command.
You feel less confused.
Rupert hits you with a battleaxe of chopping!
You die...

.................................
........P.P......................
.........P#......................
...........#..........#......#...
.....#.....#......##..#
......P................
...........#...........
...........#...........
P.........#....@@.P.P.#
........####......P.#.. ......P.#
#............ ......... ...
.............. .........
............... .........
............... .........
................ .........
......... ......<..


You could see Rupert (berserk).

Vanquished Creatures
  An ice dragon (IceCv)
  A hydra (Lair:4)
  A manticore (Lair:3)
  2 ice statues (IceCv)
  2 black mambas
  7 spiny frogs
  2 komodo dragons
  A rime drake (Lair:2)
  Grinder (D:4)
  A two-headed ogre (D:8)
  Prince Ribbit (D:7)
  25 yaks
  A basilisk (D:7)
  Grum (D:9)
  3 hippogriffs
  A hungry ghost (D:5)
  A steam dragon (D:9)
  4 water moccasins
  5 porcupines
  2 orc warriors
  A sky beast (D:5)
  28 ice beasts
  A black bear (D:8)
  A centaur (D:9)
  4 wolves
  4 ogres
  4 crocodiles
  A big kobold (D:9)
  12 giant frogs
  A water moccasin zombie (D:6)
  6 scorpions
  8 wights
  2 howler monkeys (D:7)
  4 crimson imps
  4 orc priests
  6 hounds
  A centaur skeleton (D:8)
  14 orc wizards
  9 iguanas
  9 worker ants
  34 sheep
  4 hound zombies
  7 adders
  3 gnolls (D:6)
  41 river rats
  A shadow imp (D:7)
  2 oozes
  3 adder skeletons
  3 worms (D:2)
  3 giant geckos
  34 orcs
  3 giant cockroaches
  7 goblins
  10 hobgoblins
  4 jackals (D:5)
  4 quokkas
  3 ball pythons (D:2)
  6 bats
  6 giant newts
  7 kobolds
  2 rats (D:1)
  A plant (Lair:3)
371 creatures vanquished.

Vanquished Creatures (others)
  An ice dragon (IceCv)
  A griffon (Lair:3)
  An ugly thing (D:7)
  A komodo dragon (Lair:1)
  A hippogriff (Lair:3)
  A hungry ghost (D:9)
  2 centaurs (D:5)
  5 wolves (Lair:1)
  A jelly (D:5)
  3 fungi
17 creatures vanquished.

Grand Total: 388 creatures vanquished

Notes
Turn   | Place    | Note
--------------------------------------------------------------
     0 | Abyss:1  | Gargoyl the Demonspawn Abyssal Knight began the quest for the Orb.
     0 | Abyss:1  | Reached XP level 1. HP: 18/18 MP: 2/2
   214 | Abyss:4  | Got a faintly glowing plate armour
   225 | Abyss:4  | Identified the +6 plate armour "Kysoal" {Dex+3} (You found it on level 4 of the Abyss)
   230 | Abyss:4  | Noticed a thrashing horror
   231 | D:1      | Escaped the Abyss
   564 | D:1      | Reached * piety under Lugonu
   596 | D:1      | Gained mutation: You have sharp fingernails. [demonic ancestry]
   596 | D:1      | Reached XP level 2. HP: 18/24 MP: 3/3
  1134 | D:1      | Reached skill level 1 in Dodging
  1429 | D:2      | Found an opulent altar of Gozag.
  1622 | D:2      | Reached XP level 3. HP: 26/29 MP: 5/5
  1876 | D:2      | Reached skill level 3 in Invocations
  2291 | D:2      | You fall through a shaft!
  2421 | D:3      | Reached ** piety under Lugonu
  2421 | D:3      | Reached XP level 4. HP: 36/36 MP: 6/6
  3284 | D:3      | Gained mutation: You are partially covered in rugged brown scales (AC +1, +3% HP). [demonic ancestry]
  3284 | D:3      | Reached XP level 5. HP: 37/43 MP: 7/7
  3527 | D:4      | Found Cudin's Antique Armour Shoppe.
  3538 | D:4      | Noticed Grinder
  3549 | D:4      | Killed Grinder
  3549 | D:4      | Reached skill level 4 in Invocations
  3549 | D:4      | Reached XP level 6. HP: 42/49 MP: 7/9
  3955 | D:4      | Gained mutation: Your flesh is cold resistant. [demonic ancestry]
  3955 | D:4      | Reached XP level 7. HP: 34/55 MP: 10/10
  4529 | D:5      | Entered Level 5 of the Dungeon
  4552 | D:5      | Found a stormy altar of Qazlal.
  4552 | D:5      | Found a blossoming altar of Fedhas.
  4656 | D:5      | Found a shattered altar of Ashenzari.
  4662 | D:5      | Reached skill level 5 in Invocations
  4736 | D:5      | Reached skill level 5 in Armour
  4796 | D:5      | Reached *** piety under Lugonu
  5171 | D:5      | Found a sacrificial altar of Ru.
  5184 | D:5      | Noticed a hungry ghost
  5226 | D:5      | Killed a hungry ghost
  5226 | D:5      | Gained mutation: You have very sharp fingernails. [demonic ancestry]
  5226 | D:5      | Reached XP level 8. HP: 58/62 MP: 12/12
  5232 | D:5      | Reached skill level 1 in Shields
  5292 | D:5      | Reached skill level 5 in Fighting
  5628 | D:6      | Reached skill level 6 in Invocations
  5912 | D:6      | Found a staircase to the Ecumenical Temple.
  6113 | D:6      | Reached skill level 5 in Axes
  6113 | D:6      | Gained mutation: You are slightly more attuned to the shadows. [demonic ancestry]
  6113 | D:6      | Reached XP level 9. HP: 62/71 MP: 13/13
  6773 | D:7      | Reached **** piety under Lugonu
  6793 | D:7      | Noticed Prince Ribbit
  6849 | D:7      | Reached skill level 7 in Invocations
  6973 | D:7      | Noticed a purple ugly thing
  7012 | D:7      | Banished a purple ugly thing
  7312 | D:7      | Found an oddly glowing altar of Pakellas.
  7323 | D:7      | Found a sacrificial altar of Ru.
  7710 | D:7      | Found a sparkling altar of Nemelex Xobeh.
  7791 | D:7      | Found an ancient bone altar of Kikubaaqudgha.
  7874 | D:8      | Found a glowing silver altar of Zin.
  7940 | D:8      | Noticed an angel
  7966 | D:8      | Found a shimmering altar of Xom.
  8150 | D:8      | Found a glowing golden altar of the Shining One.
  8215 | D:8      | Reached skill level 8 in Invocations
  8403 | D:7      | Gained mutation: You have claws for hands. [demonic ancestry]
  8403 | D:7      | Reached XP level 10. HP: 57/79 MP: 16/16
  8507 | D:7      | Killed Prince Ribbit
  8507 | D:7      | Reached skill level 5 in Shields
  9013 | D:8      | Found a staircase to the Lair.
  9903 | D:9      | Reached skill level 9 in Invocations
 10258 | D:9      | Noticed Grum
 10957 | D:9      | Gained mutation: You have very sharp teeth. [potion of beneficial mutation]
 10959 | D:9      | Gained mutation: You passively map a small area around you. [potion of mutation]
 10959 | D:9      | Gained mutation: Your mind is acute. (Int +2) [potion of mutation]
 10963 | D:9      | Lost mutation: Your mind is acute. (Int +2) [potion of cure mutation]
 10963 | D:9      | Lost mutation: You passively map a small area around you. [potion of cure mutation]
 10963 | D:9      | Lost mutation: You have very sharp teeth. [potion of cure mutation]
 10971 | D:9      | Reached ***** piety under Lugonu
 11350 | D:9      | Gained mutation: You have sharp toenails. [potion of beneficial mutation]
 11380 | D:9      | Killed Grum
 11981 | Lair:1   | Entered Level 1 of the Lair of Beasts
 12089 | Lair:1   | Gained mutation: You are immune to freezing clouds. [demonic ancestry]
 12089 | Lair:1   | Reached XP level 11. HP: 24/86 MP: 18/18
 13368 | Lair:1   | Reached skill level 10 in Invocations
 13891 | Lair:1   | Found a basalt altar of Yredelemnul.
 13891 | Lair:1   | Noticed Nergalle
 13893 | Lair:1   | Banished Nergalle
 14171 | Lair:2   | Got a distressingly furry plate armour
 14173 | Lair:2   | Identified the cursed +0 plate armour of Honour {Dex+3} (You found it on level 2 of the Lair of Beasts)
 15449 | Lair:3   | Noticed an eight-headed hydra
 15451 | Lair:3   | Banished an eight-headed hydra
 15942 | Lair:3   | Reached skill level 10 in Armour
 16122 | Lair:3   | Found a staircase to the Shoals.
 16123 | Lair:3   | Noticed a griffon
 16137 | Lair:3   | Banished a griffon
 17020 | Lair:4   | Got a shimmering trident
 17021 | Lair:4   | Identified the +10 trident "Impslayer" {flame, Fragile rF+ Str+7 Int+4} (You found it on level 4 of the Lair of Beasts)
 17148 | Lair:4   | Reached skill level 11 in Invocations
 17180 | Lair:4   | Reached XP level 12. HP: 73/94 MP: 20/20
 17298 | Lair:4   | Found a white marble altar of Elyvilon.
 17342 | Lair:4   | Noticed a six-headed hydra
 17350 | Lair:4   | Killed a six-headed hydra
 17700 | Lair:4   | Noticed Maud
 17722 | Lair:4   | Banished Maud
 18287 | Lair:4   | Reached skill level 1 in Polearms
 18870 | Lair:5   | Found a frozen archway.
 18891 | IceCv    | Entered an ice cave
 19206 | IceCv    | Reached skill level 12 in Invocations
 19277 | IceCv    | Noticed an ice dragon
 19277 | IceCv    | Noticed an ice dragon
 19292 | IceCv    | Banished an ice dragon
 19294 | IceCv    | Killed an ice dragon
 19904 | Lair:5   | Noticed Rupert
 19904 | Lair:5   | Paralysed by Rupert for 7 turns
 19916 | Lair:5   | HP: 3/96 [Rupert/battleaxe of chopping (26)]
 19916 | Lair:5   | HP: 1/96 [Rupert/battleaxe of chopping (2)]
 19918 | Lair:5   | Mangled by Rupert

Skill      XL: |  1  2  3  4  5  6  7  8  9 10 11 12 |
---------------+-------------------------------------+-----
Armour         | 2 3 4 5 6 7 9 10 11 | 11.0
Dodging        | 1 2 3 |  3.4
Axes           | 2 3 4 5 6 7 8 |  8.0
Invocations    | 3 4 5 6 8 9 11 12 | 12.1
Fighting       | 4 5 6 7 8 |  8.5
Shields        | 3 4 6 7 8 |  8.1
Polearms       | 2 |  2.1
Throwing       | |  0.3
Evocations     | |  0.6

Action                   |  1- 3 |  4- 6 |  7- 9 | 10-12 || total
-------------------------+-------+-------+-------+-------++-------
Melee: Broad axe         |   198 |   163 |   572 |   698 ||  1631
       Kick              |       |       |       |   252 ||   252
       Trident           |       |       |       |   265 ||   265
Throw: Tomahawk          |       |       |     6 |     1 ||     7
Invok: Depart the Abyss  |     1 |       |       |       ||     1
       Banish            |       |       |     3 |    17 ||    20
Evoke: Wand              |       |     5 |       |       ||     5
  Use: Scroll            |     1 |     9 |     7 |    18 ||    35
       Potion            |       |     1 |     1 |    17 ||    19
  Eat: Chunk             |     5 |     6 |    14 |    21 ||    46
       Bread ration      |       |       |     2 |     2 ||     4
       Fruit             |       |       |     2 |    18 ||    20
       Meat ration       |       |       |     1 |     1 ||     2
       Royal jelly       |       |       |     1 |       ||     1
       Beef jerky        |       |       |     1 |       ||     1
Armor: Plate armour      |   236 |   192 |   507 |   774 ||  1709
Dodge: Dodged            |    53 |    50 |    69 |   222 ||   394
Block: Shield            |       |       |   425 |  1019 ||  1444
       Other             |       |       |     5 |       ||     5
       Reflection        |       |       |     9 |     4 ||    13
